 Dungeon Crawl Stone Soup version 0.27.0-1-g7a089689b8 (webtiles) character file.

Game seed: 12400915308625629077

1229 Brandom the Chopper (level 8, -2/68 HPs)
             Began as a Hill Orc Enchanter on Aug 5, 2021.
             Was a Follower of Uskayaw.
             Killed from afar by Pikel (5 damage)
             ... with a puff of flame
             ... on level 5 of the Dungeon.
             The game lasted 00:14:17 (6514 turns).

Brandom the Chopper (Hill Orc Enchanter)            Turns: 6514, Time: 00:14:17

Health: -2/68      AC:  9    Str: 13    XL:     8   Next: 48%
Magic:  11/11      EV: 10    Int: 15    God:    Uskayaw [*.....]
Gold:   120        SH:  0    Dex: 11    Spells: 9/10 levels left

rFire    . . .     SeeInvis .   i - +4 hand axe (flame)
rCold    + . .     Faith    .   (no shield)
rNeg     . . .     Spirit   .   l - +0 scale mail
rPois    .         Reflect  .   c - +0 helmet
rElec    .         Harm     .   j - +0 cloak
rCorr    .         Rampage  .   (no gloves)
Will     .....                  (no boots)
Stlth    +.........             (no amulet)
HPRegen  0.21/turn              u - ring of protection from cold
MPRegen  0.12/turn              (no ring)

@: no status effects
A: no striking features
a: Renounce Religion, Stomp


You were on level 5 of the Dungeon.
You worshipped Uskayaw.
Uskayaw was noncommittal.
You visited 1 branch of the dungeon, and saw 5 of its levels.

You collected 210 gold pieces.
You spent 90 gold pieces at shops.

Inventory:

Hand Weapons
 a - a +1 dagger
 e - a +0 hand axe
   (You found it on level 1 of the Dungeon)
 i - a +4 hand axe of flaming (weapon)
   (You took it off Terence on level 2 of the Dungeon)
Missiles
 v - a throwing net {!f}
 y - 4 javelins
Armour
 b - a +0 robe
 c - a +0 helmet (worn)
   (You found it on level 1 of the Dungeon)
 j - a +0 cloak (worn)
   (You found it on level 2 of the Dungeon)
 l - a +0 scale mail (worn)
   (You took it off Terence on level 2 of the Dungeon)
Jewellery
 u - a ring of protection from cold (left hand)
   (You found it on level 5 of the Dungeon)
Scrolls
 h - 3 scrolls of magic mapping {unknown}
 k - a scroll of torment {unknown}
 n - a scroll of enchant armour {unknown}
 q - a scroll of fear {unknown}
 r - 2 scrolls of identify {unknown}
 s - a scroll of holy word {unknown}
 t - a scroll of teleportation {unknown}
 x - a scroll of amnesia {unknown}
Potions
 d - 2 potions of mutation {unknown}
 f - 3 potions of heal wounds {@q2}
 g - a potion of flight {unknown}
 m - a potion of attraction {unknown}
 o - 3 potions of brilliance
 p - a potion of curing {@q1}
 w - a potion of degeneration {unknown}


   Skills:
 + Level 5.2 Fighting
 - Level 1.0 Short Blades
 * Level 5.5 Axes
 + Level 4.8 Armour
 + Level 4.1 Dodging
 - Level 2.4 Stealth
 - Level 1.5 Spellcasting
 - Level 3.0 Hexes
 + Level 4.8 Invocations


You had 9 spell levels left.
You knew the following spells:

 Your Spells              Type           Power      Damage    Failure   Level
a - Corona                Hex            11%        N/A       28%         1

Your spell library contained the following spells:

 Spells                   Type           Power      Damage    Failure   Level
 Ensorcelled Hibernation  Hex/Ice        10%        N/A       63%         2
 Confusing Touch          Hex            10%        N/A       65%         3
 Tukima's Dance           Hex            10%        N/A       65%         3
 Beastly Appendage        Tmut           2%         N/A       69%         1
 Wereblood                Tmut           1%         N/A       83%         2
 Dazzling Flash           Conj/Hex       10%        N/A       85%         3
 Ignite Poison            Fire/Tmut/Pois 1%         N/A       96%         3
 Spider Form              Tmut/Pois      0%         N/A       96%         3
 Leda's Liquefaction      Hex/Erth       2%         N/A       99%         4
 Olgreb's Toxic Radiance  Pois           1%         N/A       100%        4
 Shatter                  Erth           0%         3d5*      100%        9


Dungeon Overview and Level Annotations

Branches:
Dungeon (5/15)
 Temple: D:4-7

Altars:
Elyvilon
Ru
Sif Muna
Uskayaw
Zin

Shops:
D:4 !   D:5 [

Annotations:
D:5 Pikel


Message History

You hit the lemure. You burn the lemure. You closely miss Pikel.
You hit the lemure. You burn the lemure.
You kill the lemure!
That felt strangely unrewarding.
You miss Pikel.
Pikel zaps a wand.
The puff of flame hits you!
You miss Pikel. You closely miss the lemure.
Pikel zaps a wand.
The puff of flame misses you. The lemure hits you.
You slash Pikel! You burn Pikel. You hit the lemure but do no damage.
Pikel hits you with a +2 whip of flaming.
Pikel burns you.
* * * LOW HITPOINT WARNING * * *
The lemure closely misses you.
Unknown command.
You miss Pikel.
Pikel hits you with a +2 whip of flaming!
* * * LOW HITPOINT WARNING * * *
Pikel burns you.
* * * LOW HITPOINT WARNING * * *
Pikel hits you with a +2 whip of flaming.
* * * LOW HITPOINT WARNING * * *
Pikel burns you.
* * * LOW HITPOINT WARNING * * *
Unknown command.
Unknown command.
Unknown command.
Unknown command.
Pikel zaps a wand.
The puff of flame hits you!
* * * LOW HITPOINT WARNING * * *
Pikel zaps a wand.
The puff of flame hits you.
* * * LOW HITPOINT WARNING * * *
Pikel zaps a wand.
The puff of flame hits you.
* * * LOW HITPOINT WARNING * * *
Pikel zaps a wand.
The puff of flame hits you.
* * * LOW HITPOINT WARNING * * *
You see here 15 stones.
Pikel says, "Don't tell anyone, but I think Ereshkigal likes me."
Pikel zaps a wand.
The puff of flame hits you.
* * * LOW HITPOINT WARNING * * *
Pikel says, "It's all about the gold, really."
Pikel zaps a wand.
The puff of flame hits you.
You die...

##### #..>#### ##)#..g.## ###
##..####..# #.. ######.)## ##g#
#.. ########..@.<(## #.# #..
#..........##########.###..
#.....##.K.#####[.......g.g
#.....####5.#....####..####
##### #...........(.#######....
....###...>#####.#......(......#
......#....###...5..#######....#
...............##.#..# ######
......#....######.##..#


You could see Pikel and 2 lemures.

Vanquished Creatures
  Grinder (D:5)
  Menkaure (D:5)
  An ice beast (D:5)
  An ogre (D:5)
  A necrophage (D:3)
  A phantom (D:5)
  A lemure (D:5)
  A bullfrog (D:4)
  A jelly (D:4)
  A hound (D:4)
  3 bullfrog skeletons
  A centaur skeleton (D:4)
  Jessica (D:2)
  A scorpion zombie (D:5)
  Terence (D:2)
  An iguana (D:4)
  2 orc wizards
  2 hound skeletons (D:5)
  3 gnolls (D:5)
  4 adders
  An ufetubus (D:5)
  An adder skeleton (D:4)
  3 dart slugs
  11 orcs
  11 ball pythons
  10 bats
  5 endoplasms
  3 giant cockroaches
  3 goblins
  10 hobgoblins
  7 jackals
  4 quokkas
  3 frilled lizards
  6 kobolds
  8 rats
115 creatures vanquished.

Notes
Turn   | Place    | Note
-------+----------+-------------------------------------------
     0 | D:1      | Brandom the Hill Orc Enchanter began the quest for the Orb.
     0 | D:1      | Reached XP level 1. HP: 14/14 MP: 3/3
   170 | D:1      | Reached XP level 2. HP: 22/22 MP: 4/4
   235 | D:1      | Reached skill level 1 in Fighting
   235 | D:1      | Reached skill level 1 in Armour
   753 | D:1      | Reached XP level 3. HP: 24/28 MP: 5/5
   843 | D:1      | Found a faded altar of an unknown god.
   861 | D:1      | Became a worshipper of Sif Muna the Loreminder
   861 | D:1      | Reached * piety under Sif Muna
   862 | D:1      | Fell from the grace of Sif Muna
  1629 | D:2      | Reached skill level 1 in Axes
  2253 | D:2      | Noticed Jessica
  2277 | D:2      | Killed Jessica
  2278 | D:2      | Reached XP level 4. HP: 7/36 MP: 6/6
  2610 | D:2      | Noticed Terence
  2623 | D:2      | Killed Terence
  3102 | D:2      | Reached XP level 5. HP: 35/42 MP: 7/7
  3581 | D:3      | Found a hide-covered altar of Uskayaw.
  3588 | D:3      | Found a white marble altar of Elyvilon.
  3590 | D:3      | Found a glowing silver altar of Zin.
  3591 | D:3      | Found a sacrificial altar of Ru.
  3639 | D:3      | Became a worshipper of Uskayaw the Reveller
  3741 | D:3      | Reached * piety under Uskayaw
  3796 | D:3      | Noticed a necrophage
  3801 | D:3      | Reached ** piety under Uskayaw
  3804 | D:3      | Reached *** piety under Uskayaw
  3805 | D:3      | Killed a necrophage
  3806 | D:3      | Reached skill level 1 in Invocations
  3806 | D:3      | Reached XP level 6. HP: 45/51 MP: 8/8
  4491 | D:4      | Reached XP level 7. HP: 52/58 MP: 9/9
  4537 | D:4      | Found Mogim's Distillery.
  4551 | D:4      | Bought a potion of heal wounds for 50 gold pieces
  4551 | D:4      | Bought a potion of brilliance for 40 gold pieces
  5227 | D:5      | Entered Level 5 of the Dungeon
  5554 | D:5      | Noticed Menkaure
  5562 | D:5      | Reached **** piety under Uskayaw
  5563 | D:5      | Killed Menkaure
  5564 | D:5      | Reached skill level 5 in Axes
  5564 | D:5      | Reached XP level 8. HP: 17/67 MP: 9/11
  5857 | D:5      | Found Wytoptoz's Antique Armour Boutique.
  5964 | D:5      | Noticed Pikel
  6283 | D:5      | Noticed Grinder
  6297 | D:5      | Killed Grinder
  6298 | D:5      | Reached skill level 5 in Fighting
  6382 | D:5      | Got the Grimoire of Ashen Poison
  6430 | D:5      | Was forgiven by Sif Muna
  6488 | D:5      | HP: 3/68 [Pikel/puff of flame (3)]
  6503 | D:5      | HP: 1/68 [Pikel/puff of flame (5)]
  6514 | D:5      | Killed from afar by Pikel

Illustrated notes

Levels and vault maps discovered:
D:1:      ebering_trefoil_twist, layout_rooms, shapermc_ecumenical_altar_ellora,
          nrook_mini_vaults, serial_bayou_pond_b
D:2:      layout_loops_corners, minmay_increasing_density, uniq_terence,
          uniq_jessica
D:3:      layout_basic, minitemple, serial_curves, eino_curves_03,
          eino_curves_04, eino_curves_02, kennysheep_pointless_box,
          chequers_serial_rivers_micro_a, kennysheep_minor_cross
D:4:      layout_rooms, serial_shops, nicolae_shop_stone
D:5:      layout_rooms, serial_shops, shop, uniq_grinder, uniq_pikel,
          uniq_menkaure

Skill      XL: |  1  2  3  4  5  6  7  8 |
---------------+-------------------------+-----
Fighting       | 1 2 3 4 5 |  5.2
Armour         | 1 2 3 4 |  4.8
Dodging        | 2 3 4 |  4.1
Axes           | 1 2 3 5 |  5.5
Invocations    | 1 2 4 |  4.8
Short Blades   | |  1.0
Stealth        | |  2.4
Spellcasting   | |  1.5
Hexes          | |  3.0

Action                   |  1- 3 |  4- 6 |  7- 9 || total
-------------------------+-------+-------+-------++-------
Melee: Dagger            |    85 |       |       ||    85
       Hand axe          |    88 |   102 |   133 ||   323
Invok: Renounce Religion |     1 |       |       ||     1
       Stomp             |       |       |     1 ||     1
  Use: Potion            |     2 |     1 |       ||     3
 Stab: Sleeping          |     3 |       |       ||     3
       Paralysed         |       |     5 |     3 ||     8
Armor: Robe              |    51 |     1 |       ||    52
       Scale mail        |       |    80 |    49 ||   129
Dodge: Dodged            |   153 |    66 |    72 ||   291
